 Dungeon Crawl Stone Soup version 0.18-a0-1702-gd20c6a5 (webtiles) character file.

40 Oddball22 the Sneak (level 3, -1/19 HPs)
             Began as a Vine Stalker Assassin on Apr 6, 2016.
             Slain by Sigmund
             ... wielding a +0 scythe
              (4 damage)
             ... on level 3 of the Dungeon.
             The game lasted 00:03:50 (1787 turns).

Oddball22 the Sneak (Vine Stalker Assassin)         Turns: 1787, Time: 00:03:51

Health: -1/19      AC:  3    Str: 13    XL:     3   Next: 50%
Magic:  0/5        EV: 11    Int: 11    God:
Gold:   70         SH:  0    Dex: 16    Spells: 0 memorised, 4 levels left

rFire  . . .     SeeInvis .     a - +2 dagger
rCold  . . .     Gourm    .     c - +0 robe
rNeg   . . .     Faith    .     (no shield)
rPois  .         Spirit   +     (no helmet)
rElec  .         Dismiss  .     d - +0 cloak
rCorr  .         Reflect  .     (no gloves)
SustAt .         Harm     .     (no boots)
MR     +....                    (no amulet)
Stlth  +++.......               (no ring)
                                h - ring of wizardry

@: flying, somewhat resistant to hostile enchantments, fairly stealthy
A: fangs 2, magic resistance 1, regeneration 1, robust 1, magic shield,
antimagic bite, no device heal 3, rot immunity, subdued magic 1
a: no special abilities


You were on level 3 of the Dungeon.
You were near starving.

You visited 1 branch of the dungeon, and saw 3 of its levels.

You collected 70 gold pieces.

Inventory:

Hand Weapons
 a - a +2 dagger (weapon)
 b - a +0 blowgun
 q - a +5 trident of venom
Missiles
 e - 8 poisoned needles
 f - 2 curare-tipped needles
Armour
 c - a +0 robe (worn)
 d - a +0 cloak (worn)
Jewellery
 h - a ring of wizardry (left hand)
Scrolls
 i - 2 scrolls of noise
 m - a scroll of recharging
 p - a scroll of identify {unknown}
 r - a scroll of immolation {unknown}
 s - a scroll of enchant armour {unknown}
Potions
 n - a potion of curing
Comestibles
 g - 2 bread rations
 j - 2 beef jerkies
 l - a slice of pizza


   Skills:
 + Level 2.1 Fighting
 - Level 1.7 Short Blades
 - Level 1.7 Throwing
 - Level 0.7 Dodging
 * Level 5.8 Stealth
 + Level 1.3 Spellcasting


You had 4 spell levels left.
You didn't know any spells.

Dungeon Overview and Level Annotations

Branches:
Dungeon (3/15)

Altars:
Trog

Annotations:
D:3 Sigmund


Innate Abilities, Weirdness & Mutations

You have extremely sharp teeth.
Your natural rate of healing is unusually fast.
When hurt, damage is shared between your health and your magic reserves.
Your bite disrupts and absorbs the magic of your enemies.
Potions and wands cannot restore your health.
You are immune to rotting.
You are resistant to hostile enchantments.
You are robust (+10% HP).
Your spells are a little easier to cast, but a little less powerful.


Message History

A magic dart appears from out of thin air!
The magic dart hits you!
You hear some strange, mumbled words.
Something tries to affect you, but you resist.
Something hits you but does no damage.
You hit something but do no damage. Something hits you!
* * * LOW HITPOINT WARNING * * *
Drink which item? (? for menu, Esc to quit)
It was a potion of mutation.
You feel extremely strange.
Your connection to magic feels subdued.
You feel resistant to hostile enchantments.
You feel robust. Something hits you but does no damage.
Drink which item? (? for menu, Esc to quit)
It was a potion of curing.
That felt strangely inert.
Drink which item? (? for menu, Esc to quit)
It was a potion of flight.
You feel very buoyant.
You fly up into the air.
Something hits you.
You die...

############# ###
#.†##.......# ....
##..#.......###.....o.
####...................
#.....@!...............
#.....#...##.........._
#.....###..............
#.....# ###...##.......
####### ###...###
###...### ###...###
#####.... ##........


There were no monsters in sight!

Vanquished Creatures
  A worm (D:2)
  3 giant geckos (D:2)
  4 bats
  A giant cockroach (D:1)
  4 goblins (D:1)
  A hobgoblin (D:1)
  2 giant newts (D:2)
  12 kobolds
  6 rats
34 creatures vanquished.

Notes
Turn   | Place    | Note
--------------------------------------------------------------
     0 | D:1      | Oddball22 the Vine Stalker Assassin began the quest for the Orb.
     0 | D:1      | Reached XP level 1. HP: 11/11 MP: 2/2
    90 | D:1      | Reached skill level 5 in Stealth
   140 | D:1      | Reached XP level 2. HP: 5/15 MP: 0/3
   538 | D:1      | Reached skill level 1 in Spellcasting
   810 | D:2      | Reached XP level 3. HP: 18/18 MP: 5/5
  1562 | D:3      | Noticed Sigmund
  1726 | D:3      | Found a bloodstained altar of Trog.
  1744 | D:3      | Found a bloodstained altar of Trog.
  1785 | D:3      | Gained mutation: Your spells are a little easier to cast, but a little less powerful. [potion of mutation]
  1785 | D:3      | Gained mutation: You are resistant to hostile enchantments. [potion of mutation]
  1785 | D:3      | Gained mutation: You are robust (+10% HP). [potion of mutation]
  1787 | D:3      | Slain by Sigmund

Vault maps used:
D:1:      minmay_arrival_doors, minmay_misc_feat_enclosed,
          hangedman_decor_riveting, minivault_19
D:3:      forest_paths, overflow_temple_1_default,
          lemuel_coloured_pillars_altar, amethyst_overflow_temple_binary,
          first_bread, portal_sewer_entry_b, trog_three_pillars_becter,
          uniq_sigmund

Skill      XL: |  1  2 |
---------------+-------+-----
Stealth        | 5 |  5.8
Fighting       | 2 |  2.1
Spellcasting   | 1 |  1.3
Short Blades   | |  1.7
Throwing       | |  1.7
Dodging        | |  0.7

Action                   || total
-------------------------++-------
Melee: Dagger            ||    74
  Use: Scroll            ||     4
       Potion            ||     3
 Stab: Sleeping          ||    10
  Eat: Chunk             ||     1
